 Dungeon Crawl Stone Soup version 0.16-a0-2243-g84b8fb8 (webtiles) character file.

424 Kraw the Twirler (level 6, -1/48 HPs)
             Began as a Ghoul Gladiator on Nov 15, 2014.
             Slain by an orc priest
             ... wielding a +0 hand axe
              (6 damage)
             ... on level 3 of the Dungeon.
             The game lasted 00:13:30 (3090 turns).

Kraw the Twirler (Ghoul Gladiator)                  Turns: 3090, Time: 00:13:30

Health: -1/48      AC:  7    Str: 19    XL:     6   Next: 96%
Magic:  5/5        EV: 10    Int:  5    God:
Gold:   172        SH:  0    Dex:  9    Spells: 0 memorised, 5 levels left

rFire  . . .     SeeInvis .     a - +0 quarterstaff
rCold  + . .     Clarity  .     h - +0 ring mail
rNeg   + + +     SustAb   .     (no shield)
rPois  +         Gourm    .     c - +0 helmet
rElec  .         Spirit   .     (no cloak)
rCorr  .         Warding  .     p - +0 pair of gloves
rMut   .         Stasis   .     (no boots)
MR     .....                    (no amulet)
Stlth  ..........               (no ring)
                                (no ring)

@: rotting, not resistant to hostile enchantments, extremely unstealthy
A: rotting body, claws 1, carnivore 3, cold resistance 1, negative energy
resistance 3, poison resistance, slow healing 1, torment resistance, unbreathing
a: no special abilities


You were on level 3 of the Dungeon.
You were not hungry.

You visited 1 branch of the dungeon, and saw 3 of its levels.

You collected 172 gold pieces.

Inventory:

Hand weapons
 a - a +0 quarterstaff (weapon)
Missiles
 d - 3 throwing nets (quivered)
 i - 9 sling bullets
 j - 22 poisoned needles
Armour
 c - a +0 helmet (worn)
 h - a +0 ring mail (worn)
 p - a +0 pair of gloves (worn)
Scrolls
 b - a scroll of immolation {unknown}
 e - 4 scrolls of remove curse {unknown}
 f - 4 scrolls of teleportation {unknown}
 k - a scroll of blinking {unknown}
 o - 2 scrolls of identify {unknown}
 u - a scroll of enchant weapon {unknown}
 w - a scroll of enchant armour {unknown}
 x - a scroll of fog {unknown}
Potions
 g - a potion of heal wounds {unknown}
 l - 4 potions of curing {unknown}
 m - a potion of beneficial mutation {unknown}
 n - a potion of cure mutation {unknown}
 q - a potion of invisibility {unknown}
 v - a potion of resistance {unknown}
Comestibles
 r - 3 chunks of flesh
 s - a meat ration


   Skills:
 - Level 2.1 Fighting
 + Level 6.9 Staves
 - Level 1.7 Throwing
 - Level 2.6 Dodging


You had 5 spell levels left.
You didn't know any spells.

Dungeon Overview and Level Annotations

Branches:
Dungeon (3/15)

Altars:
Ru

Annotations:
D:3 1 exclusion


Innate Abilities, Weirdness & Mutations

Your body is rotting away.
You thrive on raw meat.
You have sharp fingernails.
You are carnivorous and can eat meat at any time.
Your flesh is cold resistant.
You are immune to negative energy.
Your system is resistant to poisons.
You heal slowly when monsters are visible.
You are immune to unholy pain and torment.
You can survive without breathing.


Message History

Items here: )) [ †† a club; a hand axe; a ring mail; a goblin corpse; an orc corpse You hit the orc priest.
The orc priest is lightly wounded.
The orc priest invokes the aid of Beogh against you.
Something smites you!
* * * LOW HITPOINT WARNING * * *
The orc priest barely misses you.
You are too injured to fight recklessly!
You sock the orc priest!
The orc priest is severely wounded.
The orc priest calls down the wrath of Beogh upon you.
Something smites you!
* * * LOW HITPOINT WARNING * * *
You hit the orc priest.
The orc priest is severely wounded.
The orc priest mumbles some strange prayers to Beogh against you.
You are unaffected.
The orc priest hits you with a hand axe.
You die...

## ##.............##.#.##
######
#.###....####..#..###.#.#
.......#......##........#
#........##.####.......##
##.##.####.......####..#
#..##.# ##.#....# #..###
......# #####.##
#....######## ..#####
#.oo## #.##......... ..#
####.#@.###)###########
.## #.>.o##.##..# .#
#.#####.##.## .# ..
#....# .# ... ##..## .#
#.. #..# .# . #### .# ##


You could see 2 orc priests.

Vanquished Creatures
  The ghost of Restia the Skirmisher, an average DsMo (D:3)
  Sigmund (D:3)
  An orc wizard (D:3)
  A worker ant (D:3)
  5 adders
  2 green rats (D:3)
  3 giant mites (D:3)
  3 giant geckos (D:1)
  3 oozes
  10 orcs (D:3)
  2 ball pythons (D:3)
  7 goblins
  2 hobgoblins (D:1)
  7 kobolds
  A quokka (D:2)
  8 bats
  5 giant cockroaches
  2 giant newts
  4 jackals (D:3)
  4 rats
72 creatures vanquished.

Notes
Turn   | Place    | Note
--------------------------------------------------------------
     0 | D:1      | Kraw, the Ghoul Gladiator, began the quest for the Orb.
     0 | D:1      | Reached XP level 1. HP: 17/17 MP: 1/1
    45 | D:1      | Reached skill level 3 in Staves
   284 | D:1      | Reached XP level 2. HP: 14/24 MP: 2/2
  1167 | D:2      | Reached XP level 3. HP: 25/29 MP: 3/3
  1204 | D:2      | Reached skill level 4 in Staves
  1280 | D:2      | Reached XP level 4. HP: 19/36 MP: 3/3
  1866 | D:3      | Noticed Restia's ghost (average DsMo)
  2233 | D:3      | Noticed Sigmund
  2263 | D:3      | Killed Sigmund
  2263 | D:3      | Reached skill level 5 in Staves
  2263 | D:3      | Reached XP level 5. HP: 23/41 MP: 4/4
  2425 | D:3      | Reached XP level 6. HP: 44/48 MP: 5/5
  2461 | D:3      | Killed Restia's ghost
  2461 | D:3      | Reached skill level 6 in Staves
  2727 | D:3      | Found a sacrificial altar of Ru.
  3090 | D:3      | Slain by an orc priest

Action                   |  1- 3 |  4- 6 || total
-------------------------+-------+-------++-------
Melee: Quarterstaff      |   102 |   213 ||   315
Throw: Throwing net      |       |     1 ||     1
  Eat: Chunk             |     8 |    16 ||    24
